 Dungeon Crawl Stone Soup version 0.28.0-53-g5a82cb258f (webtiles) character file.

Game seed: 6111932318661457294

7 MiltankisOP the Ruffian (level 2, 0/26 HPs)
             Began as a Naga Transmuter on June 25, 2022.
             Slain by a kobold
             ... wielding a +4 dagger
              (3 damage)
             ... on level 1 of the Dungeon.
             The game lasted 00:01:18 (655 turns).

MiltankisOP the Ruffian (Naga Transmuter)            Turns: 655, Time: 00:01:18

Health: 0/26       AC:  1    Str: 12    XL:     2   Next: 4%
Magic:  4/5        EV:  9    Int: 13    God:
Gold:   54         SH:  0    Dex: 11    Spells: 4/5 levels left

rFire   . . .      SeeInvis +     - Unarmed
rCold   . . .      Faith    .   (no shield)
rNeg    . . .      Spirit   .   a - +0 robe
rPois   +          Reflect  .   (helmet currently unavailable)
rElec   .          Harm     .   (no cloak)
rCorr   .          Rampage  .   (no gloves)
Will    .....                   (no barding)
Stlth   +.........              (no amulet)
HPRegen 0.08/turn               (no ring)
MPRegen 0.09/turn               (no ring)

@: appendages, very slow
A: horns 2, AC +0, large, see invisible, deformed body, poison resistance,
slowness 2, spit poison 1, naga tail 1
a: Spit Poison, End Transformation


You were on level 1 of the Dungeon.
You had temporarily grown beastly horns.
You visited 1 branch of the dungeon, and saw 1 of its levels.

You collected 54 gold pieces.

Inventory:

Armour
 a - a +0 robe (worn)


   Skills:
 * Level 1.7 Fighting
 - Level 1.5 Dodging
 + Level 3.1 Unarmed Combat
 - Level 2.0 Spellcasting
 - Level 2.0 Transmutations


You had 4 spell levels left.
You knew the following spells:

 Your Spells              Type           Power      Damage    Failure   Level
a - Beastly Appendage     Tmut           12%        N/A       11%         1

Your spell library contained the following spells:

 Spells                   Type           Power      Damage    Failure   Level
 Wereblood                Tmut           6%         N/A       17%         2
 Spider Form              Tmut/Pois      3%         N/A       45%         3
 Ice Form                 Ice/Tmut       3%         N/A       86%         4


Dungeon Overview and Level Annotations

Branches:
Dungeon (1/15)

Altars:


Innate Abilities, Weirdness & Mutations

You have temporarily grown beastly horns.
Your serpentine skin is tough. (AC +0)
You have supernaturally acute eyesight. (SInv)
Armour fits poorly on your strangely shaped body.
Your system is resistant to poisons. (rPois)
You cover ground very slowly.
You can spit poison.
You have a snake-like lower body.


Message History

The ball python bites you.
You barely miss the ball python.
The ball python is severely wounded.
The ball python bites you.
Casting: Beastly Appendage (safe; 11% risk of failure)
Confirm with . or Enter, or press ? or * to list all spells.
You grow a pair of large bovine horns.
The ball python bites you.
* * * LOW HITPOINT WARNING * * *
The ball python closely misses you.
You barely miss the ball python. You headbutt the ball python.
You kill the ball python!
Items here: ( ) †††.
Your transformation is almost over.
A kobold comes into view. It is wielding a +4 dagger.
The kobold shouts!
Casting: Beastly Appendage (safe; 11% risk of failure)
Press: ? - help, Q - select action, (/) - cycle Dir - look around, f - activate
Okay, then.
Aiming: Spit Poison (2% risk of failure)
Press: ? - help, Shift-Dir - straight line, f - kobold
Aim: a kobold, wielding a +4 dagger (50% to hit)
The splash of poison hits the kobold.
The kobold is moderately wounded.
Your horns disappear.
Items here: ( ) †††.
Casting: Beastly Appendage (safe; 11% risk of failure)
Confirm with . or Enter, or press ? or * to list all spells.
You grow a pair of large bovine horns.
You closely miss the kobold.
The kobold is moderately wounded.
You have got your breath back.
The kobold hits you but does no damage.
You hit the kobold but do no damage. Your headbutt misses the kobold.
The kobold is moderately wounded.
The kobold hits you with a +4 dagger.
* * * LOW HITPOINT WARNING * * *
You hit the kobold.
The kobold is severely wounded.
The kobold hits you with a +4 dagger.
You die...

#.## #.# ... ...# #.# ...
...# #.# ... ...# #.# #.#
...# #.# #.####### ...# #.#
#.#.. ..# .#.###.# #.#.#
#.#
.......######.#.###.#####..
................@K.........
###..#######..#.###........
##.# #.....#...#...$....
####..# #.....###.#.......S
....... #...... ..........
..... ####.##. .........
..... ... .. .........
...## #.# ....######. ...#
#.# ...


You could see a kobold.

Vanquished Creatures
  A bat (D:1)
  A goblin (D:1)
  A quokka (D:1)
  A ball python (D:1)
  A frilled lizard (D:1)
  A kobold (D:1)
  2 rats (D:1)
8 creatures vanquished.

Vanquished Creatures (others)
  2 fungi (D:1)
  A plant (D:1)
3 creatures vanquished.

Grand Total: 11 creatures vanquished

Notes
Turn   | Place    | Note
-------+----------+-------------------------------------------
     0 | D:1      | MiltankisOP the Naga Transmuter began the quest for the
                  | Orb.
     0 | D:1      | Reached XP level 1. HP: 18/18 MP: 3/3
   622 | D:1      | Reached XP level 2. HP: 11/26 MP: 5/5
   655 | D:1      | Slain by a kobold

Illustrated notes

Levels and vault maps discovered:
D:1:      dpeg_arrival_tiny_i, layout_basic,
          shapermc_ecumenical_altar_mp_urbaneastern

Action                   || total
-------------------------++-------
Melee: Unarmed           ||    42
       Headbutt          ||     3
 Cast: Beastly Appendage ||     8
 Abil: Spit Poison       ||     2
Armor: Robe              ||     9
Dodge: Dodged            ||    29
